 Dungeon Crawl Stone Soup version 0.18.1-48-g4cf74bf (webtiles) character file.

113 Gargoyl the Skirmisher (level 4, 0/36 HPs)
             Began as a Demonspawn Abyssal Knight on Aug 15, 2016.
             Was a Believer of Lugonu.
             Shot with a stone by a goblin (1 damage)
             ... on level 3 of the Dungeon.
             The game lasted 00:08:31 (2770 turns).

Gargoyl the Skirmisher (Demonspawn Abyssal Knight)  Turns: 2770, Time: 00:08:31

Health: 0/36       AC: 12    Str: 13    XL:     4   Next: 65%
Magic:  5/5        EV:  9    Int: 13    God:    Lugonu [**....]
Gold:   137        SH:  0    Dex: 18    Spells: 0 memorised, 3 levels left

rFire  + . .     SeeInvis .     a - +1 hand axe
rCold  + . .     Gourm    .     m - +0 plate armour
rNeg   . . .     Faith    .     (no shield)
rPois  +         Spirit   .     (no helmet)
rElec  +         Dismiss  .     (no cloak)
rCorr  +         Reflect  .     k - +0 pair of gloves
SustAt .         Harm     .     (no boots)
MR     .....                    o - amulet of magic regeneration
Stlth  ..........               (no ring)
                                (no ring)

@: agile, resistant, very slightly contaminated, hasted and slowed, not
resistant to hostile enchantments, extremely unstealthy
A: hooves 1
a: Depart the Abyss, Bend Space, Renounce Religion


You were on level 3 of the Dungeon.
You worshipped Lugonu.
Lugonu was pleased with you.
You were not hungry.

You visited 1 branch of the dungeon, and saw 3 of its levels.
You visited the Abyss 1 time.

You collected 137 gold pieces.

Inventory:

Hand Weapons
 a - a +1 hand axe (weapon)
Armour
 k - a +0 pair of gloves (worn)
 m - a +0 plate armour (worn)
Jewellery
 o - an amulet of magic regeneration (around neck)
Wands
 p - a wand of polymorph (11/24)
Scrolls
 e - a scroll of teleportation
 f - 2 scrolls of remove curse
 g - a scroll of random uselessness {unknown}
 i - 3 scrolls of fear {unknown}
 q - a scroll of fog {unknown}
Potions
 b - 2 potions of lignification
 d - a potion of resistance
 n - a potion of haste
Comestibles
 c - a bread ration
 j - a beef jerky
 l - a meat ration
 r - 4 fruits


   Skills:
 + Level 3.6 Fighting
 + Level 2.2 Axes
 * Level 3.4 Armour
 + Level 1.2 Dodging
 + Level 2.6 Invocations


You had 3 spell levels left.
You didn't know any spells.

Dungeon Overview and Level Annotations

Branches:
Dungeon (3/15)

Altars:
Cheibriados
Kikubaaqudgha

Annotations:
D:3 Darguel's ghost, amateur TeAE


Innate Abilities, Weirdness & Mutations

You have large cloven feet.


Message History

The adder bites you.
* * * LOW HITPOINT WARNING * * *
The goblin shoots a stone.
The stone hits you.
* * * LOW HITPOINT WARNING * * *
The adder bites you but does no damage.
Found a scroll labeled WOXAXI XI YNYO.
You see here a stone.
Drink which item? (? for menu, Esc to quit)
It was a potion of haste.
You feel yourself speed up.
The adder bites you but does no damage. x2; The goblin shoots a stone.
The stone hits you but does no damage.
You are very lightly contaminated with residual magic.
Read which item? (? for menu, Esc to quit)
Okay, then.
The adder bites you but does no damage.
The goblin shoots a stone.
The stone hits you but does no damage.
You see here a stone.
A rat comes into view.
The goblin shoots a stone.
The stone hits you.
You die...

. .r ######## ...
#.(....# ...
#.g....# # #..
#....?.# ..
##...##.(....####
###.
#..$..@S.(..[....
..)
#?...##......####
##.
#.###............
#.. #.###########
#.. #. ...... #..
# ........ #.#
........#.#.#
........#.... #.
.. ........#####


You could see an adder, a goblin and a rat.

Vanquished Creatures
  An orc priest (D:3)
  3 adders (D:2)
  A dart slug (D:2)
  A giant gecko (D:3)
  2 orcs (D:3)
  2 ball pythons
  7 giant cockroaches
  8 goblins
  6 hobgoblins
  2 jackals (D:1)
  4 kobolds
  5 bats (D:2)
  A giant newt (D:2)
  6 rats
49 creatures vanquished.

Notes
Turn   | Place    | Note
--------------------------------------------------------------
     0 | Abyss:1  | Gargoyl the Demonspawn Abyssal Knight began the quest for the Orb.
     0 | Abyss:1  | Reached XP level 1. HP: 18/18 MP: 2/2
    18 | Abyss:1  | Found a deep blue altar of Sif Muna.
   160 | Abyss:2  | Noticed an orange demon
   170 | Abyss:2  | Noticed an iron dragon simulacrum
   174 | D:1      | Escaped the Abyss
   504 | D:1      | Gained mutation: You have large cloven feet. [demonic ancestry]
   504 | D:1      | Reached XP level 2. HP: 11/24 MP: 3/3
   860 | D:1      | Reached * piety under Lugonu
  1354 | D:1      | Reached skill level 1 in Dodging
  1718 | D:2      | Reached XP level 3. HP: 28/29 MP: 4/4
  1760 | D:2      | Found an ancient bone altar of Kikubaaqudgha.
  1996 | D:2      | Found a snail-covered altar of Cheibriados.
  2257 | D:2      | You fall through a shaft!
  2257 | D:3      | Noticed Darguel's ghost (amateur TeAE)
  2423 | D:2      | Reached ** piety under Lugonu
  2423 | D:2      | Reached XP level 4. HP: 20/36 MP: 5/5
  2767 | D:3      | HP: 1/36 [goblin/stone (2)]
  2770 | D:3      | Shot with a stone by a goblin

Skill      XL: |  1  2  3 |
---------------+----------+-----
Armour         | 2 3 |  3.4
Dodging        | 1 |  1.2
Axes           | 2 |  2.2
Fighting       | |  3.6
Invocations    | |  2.6

Action                   |  1- 3 |  4- 6 || total
-------------------------+-------+-------++-------
Melee: Hand axe          |   149 |    37 ||   186
       Kick              |    26 |     3 ||    29
Invok: Depart the Abyss  |     1 |       ||     1
  Use: Potion            |       |     4 ||     4
       Scroll            |       |     2 ||     2
  Eat: Chunk             |     5 |     1 ||     6
Armor: Ring mail         |     9 |       ||     9
       Plate armour      |    90 |    41 ||   131
       Scale mail        |    11 |       ||    11
       Skin              |       |    22 ||    22
Dodge: Dodged            |    56 |    14 ||    70
